 Dungeon Crawl Stone Soup version 0.14-a0-2001-g390038d (webtiles) character file.

178 M4edhros the Practitioner (level 4, -6/25 HPs)
             Began as a Kobold Healer on Jan 18, 2014.
             Was a Believer of Elyvilon.
             Mangled by a gnoll
             ... wielding a +0,+0 flail
              (15 damage)
             ... on Level 3 of the Dungeon.
             The game lasted 00:06:06 (2115 turns).

M4edhros the Practitioner (Kobold Healer)           Turns: 2115, Time: 00:06:06

HP  -6/25        AC  3     Str 11      XL: 4   Next: 62%
MP   7/8         EV 13     Int 10      God: Elyvilon [**....]
Gold 99          SH  0     Dex 15      Spells:  0 memorised,  3 levels left

rFire  + . .     SeeInvis .     n - -1,+0 orc spear
rCold  x . .     Clarity  .     k - +0 orc leather armour
rNeg   . . .     Conserve .     (no shield)
rPois  .         rCorr    .     (no helmet)
rElec  .         rRot     .     (no cloak)
SustAb . .       Spirit   .     (no gloves)
rMut   .         Warding  .     (no boots)
Saprov + + .     Stasis   .     (no amulet)
MR     .....                    (no ring)
                                g - ring of fire

@: not resistant to hostile enchantments, unstealthy
A: disease resistance, carnivore 3, saprovore 2
a: Lesser Healing, Lesser Self-Healing, Divine Protection, Purification,
Renounce Religion


You were on level 3 of the Dungeon.
You worshipped Elyvilon.
Elyvilon was pleased with you.
You were full.

You visited 1 branch of the dungeon, and saw 3 of its levels.

You collected 99 gold pieces.

Inventory:

Hand weapons
 e - a +0,+0 club
 n - a -1,+0 orcish spear (weapon)
Armour
 a - a +1 robe
 k - a +0 orcish leather armour (worn)
Comestibles
 d - a meat ration
Scrolls
 f - 4 scrolls of amnesia {unknown}
 h - 2 scrolls of fear {unknown}
 i - a scroll of identify {unknown}
 j - a scroll of curse jewellery {unknown}
 l - a scroll of remove curse {unknown}
Jewellery
 g - a ring of fire (left hand)
Potions
 c - a potion of heal wounds


   Skills:
 - Level 1.1 Fighting
 - Level 2.4 Dodging
 + Level 5.3 Invocations


You had 3 spell levels left.
You didn't know any spells.

Dungeon Overview and Level Annotations

Branches:
Dungeon (3/16)

Altars:
Dithmengos
Elyvilon


Innate Abilities, Weirdness & Mutations

You recuperate from illness quickly.
You are small and have problems with some larger weapons.
You are carnivorous and can eat meat at any time.
You can eat rotten meat.


Message History

You are healed.
You feel somewhat less full. The gnoll hits you with a flail.
You barely miss the gnoll.
The gnoll is heavily wounded.
You barely miss the gnoll.
The gnoll is heavily wounded.
The gnoll closely misses you.
You hit the gnoll but do no damage.
The gnoll is heavily wounded.
The gnoll barely misses you.
You hit the gnoll.
The gnoll is severely wounded.
The gnoll barely misses you.
You hit the gnoll but do no damage.
The gnoll is severely wounded.
The gnoll hits you with a flail.
You barely miss the gnoll.
The gnoll is severely wounded.
The gnoll hits you with a flail!
Ouch! That really hurt!
You die...

## #.### .# #+# #(..# .#
#.# ###.# .### ######.###
#.# ...# #........# #.#
.#.# #.###....# #.# .#.#
#.##.....# ##.## #
.#.###.###....#######...#
## .......#
##.#.)g@.......# #.
##.##### ###########...#
#. ...# ##### #. #### ##
#


You could see a gnoll.

Vanquished Creatures
  A gnoll (D:3)
  A worm (D:3)
  2 giant cockroaches (D:2)
  2 goblins
  4 hobgoblins
  2 jackals (D:1)
  2 bats (D:1)
  A giant newt (D:1)
15 creatures vanquished.

Vanquished Creatures (others)
  2 adders
  A hobgoblin (D:2)
  A bat (D:2)
4 creatures vanquished.

Grand Total: 19 creatures vanquished

Notes
Turn   | Place    | Note
--------------------------------------------------------------
     0 | D:1      | M4edhros, the Kobold Healer, began the quest for the Orb.
     0 | D:1      | Reached XP level 1. HP: 12/12 MP: 2/2
   291 | D:1      | Reached XP level 2. HP: 16/16 MP: 4/4
   753 | D:2      | Reached skill level 4 in Invocations
   777 | D:2      | Reached XP level 3. HP: 17/20 MP: 5/5
   975 | D:2      | Found a shadowy altar of Dithmengos.
  1092 | D:2      | Found a white marble altar of Elyvilon.
  1357 | D:2      | Reached XP level 4. HP: 6/25 MP: 7/7
  1638 | D:3      | Reached skill level 5 in Invocations
  2115 | D:3      | Mangled by a gnoll

Action                   |  1- 3 |  4- 6 || total
-------------------------+-------+-------++-------
Melee: Unarmed           |    39 |       ||    39
       Club              |    78 |     7 ||    85
       Spear             |       |    45 ||    45
Invok: Lesser Self-Heali |     2 |     1 ||     3
       Lesser Healing    |    26 |     7 ||    33
  Use: Potion            |     1 |     2 ||     3
